AoeStats
← Carple

MegaRandom

504629620Analyzed
1v1 RM · 27d ago on Sep 6, 2026· 45m 51s· 2 players
Game mode
Random Map
Map size
Tiny (2 player)
Population
200
Speed
Normal
Resources
Standard
Victory
Conquest
Starting age
Dark Age
Ending age
Imperial Age
RankedLock teamsTeams togetherTeam positionsShared explorationLock speedFull tech treeHidden civsTurbo modeCheats
Victory
Defeat
🇨🇦 Spanish · Canada
1229
+15
🇫🇷 Italians · France
1208
-15
Kim jong-un
6:55 Loom
9:59 Feudal Age
11:37 Double-Bit Axe
20:11 Castle Age
18:57 Gold Mining
18:58 Stone Mining
18:50 Horse Collar
21:15 Bow Saw
33:41 Sanctity
Carple
11:42 Feudal Age
12:20 Double-Bit Axe
12:58 Loom
17:25 Castle Age
17:41 Gold Mining
19:05 Husbandry
19:12 Horse Collar
21:05 Bloodlines
26:41 Scale Barding Armor
29:52 Light Cavalry
34:49 Imperial Age
32:35 Stone Mining
35:50 Wheelbarrow
35:58 Bow Saw
37:12 Hussar
38:58 Town Watch
39:28 Scale Mail Armor
39:43 Forging
46:01 Iron Casting
45:53 Chain Barding Armor
Connection lost

Rejoining the realm…

Still unreachable

The connection could not be restored.

Session expired

The server has moved on; the page needs a fresh start.